 Dungeon Crawl Stone Soup version 0.27-a0-1036-g8e1b44f6bd (webtiles) character file.

Game seed: 8800651099885424978

4032 siradein the Cleaver (level 10, -1/77 HPs)
             Began as a Hill Orc Fighter on Apr 18, 2021.
             Was a Follower of Beogh.
             Succumbed to a hornet's poison
             ... on level 7 of the Dungeon.
             The game lasted 00:14:06 (8720 turns).

siradein the Cleaver (Hill Orc Fighter)             Turns: 8720, Time: 00:14:06

Health: -1/77      AC: 12    Str: 23    XL:     10   Next: 24%
Magic:  18/18      EV:  5    Int:  8    God:    Beogh [*.....]
Gold:   455        SH: 10    Dex: 16    Spells: 9/9 levels left

rFire    . . .     SeeInvis +   a - +0 war axe
rCold    . . .     Faith    .   c - +0 kite shield
rNeg     . . .     Spirit   .   z - +2 chain mail {Will+}
rPois    .         Reflect  .   (no helmet)
rElec    .         Harm     .   n - +0 cloak
rCorr    .         Rampage  .   (no gloves)
Will     +....                  (no boots)
Stlth    ..........             (no amulet)
HPRegen  0.22/turn              e - ring of see invisible
MPRegen  0.16/turn              f - +6 ring of dexterity

@: brilliant, lethally poisoned (-1 -> -14), attractive, very slightly
contaminated, slowed, invisible, very slow
A: no striking features
a: Renounce Religion


You were on level 7 of the Dungeon.
You worshipped Beogh.
Beogh was aware of your devotion.
You visited 1 branch of the dungeon, and saw 7 of its levels.

You collected 455 gold pieces.

Inventory:

Hand Weapons
 a - a +0 war axe (weapon)
 k - a +1 spear of venom
Armour
 c - a +0 kite shield (worn)
 n - a +0 cloak (worn)
 r - a +0 chain mail of poison resistance
 z - a +2 chain mail of willpower (worn)
Jewellery
 e - a ring of see invisible (left hand)
 f - a +6 ring of dexterity (right hand)
Wands
 h - a wand of mindburst (17)
 t - a wand of iceblast (10)
 v - a wand of charming (6)
 x - a wand of flame (19)
Scrolls
 b - 2 scrolls of fear
 j - 3 scrolls of teleportation {unknown}
 o - a scroll of brand weapon
 q - a scroll of vulnerability
 s - a scroll of blinking
 y - a scroll of identify
 B - a scroll of amnesia {unknown}
Potions
 d - 3 potions of might
 g - 2 potions of haste
 l - a potion of lignification
 m - 2 potions of attraction
 p - a potion of curing
 w - 2 potions of heal wounds {unknown}
 A - a potion of resistance


   Skills:
 - Level 3.6 Fighting
 + Level 14.5 Axes
 - Level 3.2 Armour
 - Level 3.2 Shields
 + Level 11.1 Invocations


You had 9 spell levels left.
You didn't know any spells.
Your spell library contained the following spells:

 Spells                   Type           Power      Damage    Failure   Level
 Animate Skeleton         Necr           0%         N/A       100%        1
 Apportation              Tloc           0%         N/A       100%        1
 Beastly Appendage        Tmut           0%         N/A       100%        1
 Corona                   Hex            0%         N/A       100%        1
 Magic Dart               Conj           0%         1d3       100%        1
 Sting                    Tmut/Pois      0%         1d3       100%        1
 Summon Small Mammal      Summ           0%         N/A       100%        1
 Call Imp                 Summ           0%         N/A       100%        2
 Ensorcelled Hibernation  Hex/Ice        0%         N/A       100%        2
 Poisonous Vapours        Pois/Air       0%         N/A       100%        2
 Searing Ray              Conj           0%         3d3       100%        2
 Wereblood                Tmut           0%         N/A       100%        2
 Call Canine Familiar     Summ           0%         N/A       100%        3
 Confusing Touch          Hex            0%         N/A       100%        3
 Dazzling Flash           Conj/Hex       0%         N/A       100%        3
 Ignite Poison            Fire/Tmut/Pois 0%         N/A       100%        3
 Mephitic Cloud           Conj/Pois/Air  0%         N/A       100%        3
 Spider Form              Tmut/Pois      0%         N/A       100%        3
 Summon Guardian Golem    Hex/Summ       0%         N/A       100%        3
 Tukima's Dance           Hex            0%         N/A       100%        3
 Fulminant Prism          Conj/Hex       0%         3d6       100%        4
 Ice Form                 Ice/Tmut       0%         N/A       100%        4
 Iskenderun's Mystic Bla  Conj/Tloc      0%         2d3       100%        4
 Olgreb's Toxic Radiance  Pois           0%         N/A       100%        4
 Summon Ice Beast         Ice/Summ       0%         N/A       100%        4
 Summon Lightning Spire   Summ/Air       0%         N/A       100%        4
 Hydra Form               Tmut           0%         N/A       100%        5
 Freezing Cloud           Conj/Ice/Air   0%         6-21      100%        6
 Simulacrum               Ice/Necr       0%         N/A       100%        6
 Ozocubu's Refrigeration  Ice            0%         4d5       100%        7


Dungeon Overview and Level Annotations

Branches:
Dungeon (7/15)             Temple (0/1) D:5

Altars:
Qazlal

Shops:
D:3 (


Message History

You feel as though you will be slow longer.
The hornet stings you.
You are more poisoned.
You feel as though you will be slow longer.
It was a potion of attraction.
You feel attractive to monsters.
You feel extremely sick. The hornet stings you.
You feel as though you will be slow longer.
You block the hornet's attack.
It was a potion of curing.
You feel better. The hornet stings you!
You are poisoned.
You feel as though you will be slow longer.
The hornet stings you.
You feel as though you will be slow longer.
You block the hornet's attack.
Your chain mail prevents you from hitting the hornet.
You feel very sick. The hornet stings you.
* * * LOW HITPOINT WARNING * * *
You are more poisoned.
You feel as though you will be slow longer.
The hornet stings you.
* * * LOW HITPOINT WARNING * * *
You are lethally poisoned!
You feel as though you will be slow longer.
It was a potion of invisibility.
You fade into invisibility!
* * * LOW HITPOINT WARNING * * *
You feel extremely sick.
The hornet stings you but does no damage. x2
You are very lightly contaminated with residual magic.
* * * LOW HITPOINT WARNING * * *
You feel very sick.
The hornet stings you but does no damage.
You feel better. You block the hornet's attack. The hornet stings you!
* * * LOW HITPOINT WARNING * * *
You are lethally poisoned!
You feel as though you will be slow longer.
You die...

.# ..# #..# .
#..#.#.# .... #
#.#...# #... #
###.##.## # ##. ##
.......## .# ##.
#......###.# ###..
#..........##.##
..... ####
#......y....... #..
..# #....@######.!.
..... #.# #.....#
..... ##.#####.....#
##### ##...#........#
###......##.....#
....................
####......####..#....
##...#.####>......#
##.#........#....#


You could see a hornet.

Vanquished Creatures
  Grinder (D:6)
  Prince Ribbit (D:6)
  3 yaks (D:6)
  A steam dragon (D:7)
  Duvessa (D:5)
  2 necrophages
  3 sky beasts
  4 black bears
  4 ice beasts
  An orc warrior (D:6)
  3 ogres
  2 centaurs (D:6)
  A phantom (D:6)
  2 bullfrogs
  7 scorpions
  Dowan (D:5)
  A water moccasin skeleton (D:5)
  4 wights
  A centaur zombie (D:7)
  A bullfrog zombie (D:7)
  A bullfrog skeleton (D:6)
  A jelly (D:6)
  A centaur skeleton (D:4)
  2 iguanas
  2 orc wizards (D:6)
  A hound skeleton (D:5)
  A howler monkey zombie (D:4)
  6 adders
  2 shadow imps (D:6)
  2 white imps
  A worm (D:5)
  A dart slug (D:1)
  6 orcs
  5 ball pythons
  6 bats
  9 endoplasms
  2 giant cockroaches (D:2)
  5 goblins
  5 hobgoblins
  8 jackals
  8 quokkas
  5 frilled lizards
  4 kobolds
  3 rats
131 creatures vanquished.

Vanquished Creatures (others)
  An orc (D:4)
1 creature vanquished.

Grand Total: 132 creatures vanquished

Notes
Turn   | Place    | Note
-------+----------+-------------------------------------------
     0 | D:1      | siradein the Hill Orc Fighter began the quest for the Orb.
     0 | D:1      | Reached XP level 1. HP: 19/19 MP: 1/1
    31 | D:1      | Reached skill level 3 in Axes
   162 | D:1      | Reached XP level 2. HP: 26/26 MP: 2/2
   284 | D:1      | Reached skill level 4 in Axes
   786 | D:1      | Reached XP level 3. HP: 31/31 MP: 3/3
   883 | D:1      | Found a faded altar of an unknown god.
  1242 | D:2      | Reached skill level 5 in Axes
  1824 | D:3      | Reached XP level 4. HP: 32/39 MP: 4/4
  2072 | D:3      | Reached skill level 6 in Axes
  2167 | D:3      | Found Bon Foef's Antique Weapon Boutique.
  2491 | D:4      | Found a stormy altar of Qazlal.
  2621 | D:4      | Noticed an ogre
  2646 | D:4      | Killed an ogre
  2647 | D:4      | Reached skill level 7 in Axes
  2647 | D:4      | Reached XP level 5. HP: 20/45 MP: 5/5
  2913 | D:4      | Reached skill level 8 in Axes
  2913 | D:4      | Reached XP level 6. HP: 39/51 MP: 6/6
  3386 | D:4      | Reached skill level 9 in Axes
  3423 | D:4      | Noticed a sky beast
  3437 | D:4      | Killed a sky beast
  3438 | D:4      | Reached XP level 7. HP: 48/57 MP: 7/7
  3695 | D:4      | Became a worshipper of Beogh the Brigand
  3855 | D:4      | Reached skill level 10 in Axes
  4061 | D:5      | Entered Level 5 of the Dungeon
  4076 | D:5      | Reached skill level 1 in Invocations
  4121 | D:5      | Found a staircase to the Ecumenical Temple.
  4274 | D:5      | Reached skill level 11 in Axes
  4274 | D:5      | Reached XP level 8. HP: 38/64 MP: 10/10
  5197 | D:5      | Reached skill level 5 in Invocations
  5726 | D:6      | Noticed Prince Ribbit
  5741 | D:6      | Noticed Dowan
  5742 | D:6      | Noticed Duvessa
  5868 | D:5      | Killed Duvessa
  5869 | D:5      | Reached skill level 12 in Axes
  5874 | D:5      | Killed Dowan
  6174 | D:6      | Reached XP level 9. HP: 66/70 MP: 14/14
  6248 | D:6      | Killed Prince Ribbit
  6503 | D:6      | Reached * piety under Beogh
  6571 | D:6      | Reached skill level 13 in Axes
  7109 | D:6      | Noticed Grinder
  7121 | D:6      | Killed Grinder
  7253 | D:6      | Reached skill level 10 in Invocations
  7403 | D:6      | Reached skill level 14 in Axes
  7726 | D:6      | Reached XP level 10. HP: 37/77 MP: 17/17
  8719 | D:7      | HP: 3/77 [hornet (10)]
  8720 | D:7      | Succumbed to a hornet's poison

Illustrated notes

Levels and vault maps discovered:
D:1:      saegor_arrival_simple_b, layout_loops_ring,
          shapermc_ecumenical_altar_totnotflames, hex_medium
D:2:      layout_loops_ring
D:3:      layout_basic, serial_shops, shop_coins, minivault_25
D:4:      layout_loops_corners, nicolae_qazlal_eye_of_the_storm,
          minmay_diced_spiral
D:5:      layout_rooms, minmay_temple_entry_slanted, cheibrodos_sewer_entry_bend
D:6:      layout_loops_ring, uniq_prince_ribbit1, uniq_grinder, uniq_duvessa
D:7:      layout_loops_ring, minitemple

Skill      XL: |  1  2  3  4  5  6  7  8  9 10 |
---------------+-------------------------------+-----
Axes           | 3 4 5 7 8 9 11 12 14 | 14.5
Invocations    | 3 7 10 11 | 11.1
Fighting       | |  3.6
Armour         | |  3.2
Shields        | |  3.2

Action                   |  1- 3 |  4- 6 |  7- 9 | 10-12 || total
-------------------------+-------+-------+-------+-------++-------
Melee: War axe           |    75 |       |    94 |    60 ||   229
       Spear             |    48 |    75 |   258 |       ||   381
Invok: Convert to Beogh  |       |       |     1 |       ||     1
  Use: Scroll            |       |       |     4 |     3 ||     7
       Potion            |       |       |       |     5 ||     5
Armor: Scale mail        |    49 |    15 |       |       ||    64
       Chain mail        |       |    22 |   153 |    52 ||   227
Dodge: Dodged            |    39 |    19 |    57 |    18 ||   133
Block: Kite shield       |    59 |    34 |   171 |    35 ||   299

Table legend: (Time is in decaauts)
 A = Elapsed time spent in this place.
 B = Non-inter-level travel time spent in this place.
 C = Inter-level travel time spent in this place.
 D = Time resting spent in this place.
 E = Time spent auto-exploring this place.
 F = Levels seen in this place.
 G = Mean time per level.
                   A        B        C        D        E       F      G
               +--------+--------+--------+--------+--------+-----+--------+
         Total |   8816 |   8678 |    138 |   1139 |   5563 |   7 | 1259.4 |
       Dungeon |   8816 |   8678 |    138 |   1139 |   5563 |   7 | 1259.4 |
               +--------+--------+--------+--------+--------+-----+--------+

Top non-repeatable levels by time:
     D:4: 2073 daAuts
     D:6: 2047 daAuts
     D:5: 1623 daAuts
     D:1: 1058 daAuts
     D:2: 791 daAuts
     D:3: 690 daAuts
     D:7: 533 daAuts
